 Dungeon Crawl Stone Soup version 0.17-a0-2027-gcac42c4 (webtiles) character file.

242 Ijustatesigmund the Sneak (level 6, -3/38 HPs)
             Began as an Octopode Transmuter on Oct 10, 2015.
             Slain by a wyvern skeleton (12 damage)
             ... on level 5 of the Dungeon.
             The game lasted 00:09:08 (2738 turns).

Ijustatesigmund the Sneak (Octopode Transmuter)     Turns: 2738, Time: 00:09:09

Health: -3/38      AC:  1    Str: 10    XL:     6   Next: 9%
Magic:  9/9        EV: 12    Int: 17    God:
Gold:   173        SH:  0    Dex: 12    Spells: 3 memorised, 3 levels left

rFire  . . .     SeeInvis .     g - +2 short sword (venom)
rCold  . . .     Clarity  .     (no shield)
rNeg   . . .     SustAt   .     (helmet restricted)
rPois  .         Gourm    .     (no amulet)
rElec  .         Spirit   .     i - ring of stealth
rCorr  .         Warding  .     k - ring of teleportation (curse)
rMut   .         Rnd*Tele +     (no ring)
MR     .....                    (no ring)
Stlth  +++.......               (no ring)
                                (no ring)
                                (no ring)
                                (no ring)

@: confused, not resistant to hostile enchantments, fairly stealthy
A: almost no armour, amphibious, 8 rings, constrict 8, camouflage 1, gelatinous
body 1
a: Evoke Teleportation


You were on level 5 of the Dungeon.
You were hungry.

You visited 1 branch of the dungeon, and saw 5 of its levels.

You collected 173 gold pieces.

Inventory:

Hand Weapons
 e - a cursed +0 rapier
 g - a +2 short sword of venom (weapon)
 h - a +1 dagger
Missiles
 a - 45 arrows
Jewellery
 i - a ring of stealth (left tentacle)
 k - a cursed ring of teleportation (right tentacle)
Scrolls
 d - 2 scrolls of identify
Potions
 n - a potion of flight
Books
 b - a book of Changes

   Spells                             Type                      Level
   a - Beastly Appendage              Transmutation                1
   b - Sticks to Snakes               Transmutation                2
   c - Spider Form                    Transmutation/Poison         3
   d - Ice Form                       Ice/Transmutation            4
   e - Blade Hands                    Transmutation                5
Comestibles
 c - 3 bread rations
 f - 2 meat rations
 j - a royal jelly
 l - 2 slices of pizza


   Skills:
 - Level 1.0 Fighting
 + Level 2.2 Short Blades
 - Level 2.0 Dodging
 + Level 4.8 Stealth
 - Level 3.0 Unarmed Combat
 - Level 2.0 Spellcasting
 + Level 3.5 Transmutations
 + Level 2.6 Poison Magic


You had 3 spell levels left.
You knew the following spells:

 Your Spells              Type           Power        Failure   Level  Hunger
a - Beastly Appendage     Trmt           ##....       4%          1    #......
b - Sticks to Snakes      Trmt           ##........   10%         2    ###....
c - Spider Form           Trmt/Pois      ##........   17%         3    ###....


Dungeon Overview and Level Annotations

Branches:
Dungeon (5/15)
 Temple: D:4-7

Altars:
Ashenzari
Makhleb

Annotations:
D:4 Grinder


Innate Abilities, Weirdness & Mutations

You cannot wear most types of armour.
You are amphibious.
You can wear up to eight rings at the same time.
You can use your tentacles to constrict eight enemies at once.
Your skin changes colour to match your surroundings (Stealth).
Your rubbery body absorbs attacks (AC +1).


Message History

Your +2 short sword of venom unmelds from your body.
It begins to drip with poison!
There is a stone staircase leading down here.
The jackal skeleton bites you.
You hit the jackal skeleton. You grab the jackal skeleton.
You constrict the jackal skeleton. The jackal skeleton barely misses you.
The wyvern skeleton closely misses you.
You hit the jackal skeleton.
You destroy the jackal skeleton!
The wyvern skeleton misses you.
You hit the ice beast but do no damage. Your squeeze misses the ice beast.
The wyvern skeleton bites you!
* * * LOW HITPOINT WARNING * * *
The ice beast misses you.
Drink which item? (? for menu, Esc to quit)
Okay, then.
Drink which item? (? for menu, Esc to quit)
You are confused.
You feel invigorated. The wyvern skeleton bites you!
You die...

##############
#....$.........
#........(.....
#....................
#....................
#..........%.........
#....Z...............
#...@Y...............
#######.##...........
#..#......#....
##Y.#......##...
#...............
#.....#..#.$....
##..#.##...#....
###..##.#......
..###...##...


You could see an ice beast and a wyvern skeleton.

Vanquished Creatures
  Ijyb (D:3)
  A hound (D:4)
  2 worker ants
  A hound skeleton (D:4)
  6 adders
  An ooze (D:1)
  5 worms
  3 giant geckos
  An orc (D:4)
  2 giant cockroaches
  8 goblins
  2 hobgoblins (D:1)
  5 kobolds
  3 ball pythons
  6 bats
  6 giant newts
  A jackal skeleton (D:5)
  3 quokkas
  A quokka skeleton (D:4)
  6 rats
64 creatures vanquished.

Vanquished Creatures (collateral kills)
  A worm (D:2)
1 creature vanquished.

Grand Total: 65 creatures vanquished

Notes
Turn   | Place    | Note
--------------------------------------------------------------
     0 | D:1      | Ijustatesigmund the Octopode Transmuter began the quest for the Orb.
     0 | D:1      | Reached XP level 1. HP: 13/13 MP: 3/3
    22 | D:1      | Reached skill level 1 in Stealth
   216 | D:1      | Reached XP level 2. HP: 12/18 MP: 5/5
   224 | D:1      | Learned a level 2 spell: Sticks to Snakes
   706 | D:1      | Reached XP level 3. HP: 20/23 MP: 6/6
   711 | D:1      | Learned a level 3 spell: Spider Form
  1104 | D:2      | Reached XP level 4. HP: 28/28 MP: 7/7
  1223 | D:2      | Found a faded altar to an unknown god.
  1249 | D:2      | Reached skill level 1 in Short Blades
  1474 | D:3      | Reached skill level 1 in Poison Magic
  1578 | D:3      | Noticed Ijyb
  1586 | D:3      | Killed Ijyb
  1586 | D:3      | Reached skill level 4 in Stealth
  1586 | D:3      | Reached XP level 5. HP: 28/33 MP: 8/8
  2252 | D:4      | Found a burning altar of Makhleb.
  2388 | D:4      | Noticed Grinder
  2628 | D:5      | Entered Level 5 of the Dungeon
  2642 | D:5      | Reached XP level 6. HP: 38/38 MP: 9/9
  2643 | D:5      | Noticed an ice beast
  2650 | D:4      | Found a shattered altar of Ashenzari.
  2738 | D:5      | Slain by a wyvern skeleton

Vault maps used:
D:1:      minmay_arrival_plants_in_alcoves
D:2:      ecumenical_altar_1
D:3:      first_bread, uniq_iyjb
D:4:      nicolae_overflow_hidden_temple, lemuel_coloured_pillars_altar,
          uniq_grinder, uniq_blork_the_orc
D:5:      grunt_temple_overflow_holy_war

Action                   |  1- 3 |  4- 6 || total
-------------------------+-------+-------++-------
Melee: Unarmed           |    49 |       ||    49
       Dagger            |     9 |    46 ||    55
       Short sword       |       |    12 ||    12
 Cast: Sticks to Snakes  |     2 |       ||     2
       Spider Form       |       |     1 ||     1
  Use: Scroll            |     1 |     8 ||     9
       Potion            |       |     1 ||     1
 Stab: Sleeping          |    18 |    24 ||    42
  Eat: Chunk             |     1 |     4 ||     5
